 Dungeon Crawl Stone Soup version 0.20.0-10-g0535bb4 (console) character file.

238698 itsmu the Earth Mage (level 19, 44/175 HPs)
             Began as a Deep Dwarf Earth Elementalist on June 3, 2017.
             Was an Initiate of Elyvilon.
             Quit the game on level 14 of the Dungeon on June 4, 2017.
             The game lasted 03:24:11 (57138 turns).

itsmu the Earth Mage (DDEE)                        Turns: 57138, Time: 03:24:12

Health: 44/175     AC: 19    Str: 16    XL:     19   Next: 0%
Magic:  10/30      EV: 12    Int: 26    God:    Elyvilon [......]
Gold:   1932       SH: 15    Dex: 13    Spells: 20/42 levels left

rFire    + . .     SeeInvis .   b - +1 dagger (elec)
rCold    + . .     Gourm    .   f - +2 shield
rNeg     + . .     Faith    +   r - +1 acid dragon scales
rPois    .         Spirit   .   O - +0 helmet of Qyboacuq {*Drain rCorr Str+2 Int+4} (curse)
rElec    .         Reflect  .   D - +0 cloak
rCorr    +         Harm     .   i - +0 pair of gloves
MR       ++...                  y - +2 pair of boots
Stlth    +++.......             A - amulet of faith
Regen    0.0/turn               h - ring of protection from cold
MPRegen  0.3/turn               q - ring of protection from fire

@: non-regenerating, slowed, studying Shields, very slow
A: damage resistance, heal wounds, negative energy resistance 1, sense
surroundings 3, no regeneration
}: 1/15 runes: serpentine
a: Heal Wounds, Renounce Religion


You were on level 14 of the Dungeon.
You worshipped Elyvilon.
Elyvilon was noncommittal.
You were hungry.

You visited 8 branches of the dungeon, and saw 33 of its levels.
You also visited: Ossuary and Ice Cave.

You collected 3316 gold pieces.
You spent 1384 gold pieces at shops.

Inventory:

Hand Weapons
 a - the +7 scimitar of Nenyon {venom, Int+3}
   (You found it in an ice cave)

   It poisons the flesh of those it strikes.
   It affects your intelligence (+3).
 b - a +1 dagger of electrocution (weapon)
   (You took it off an orc wizard on level 2 of the Orcish Mines)
 w - a +0 blowgun
   (You took it off a kobold on level 3 of the Dungeon)
Missiles
 I - 242 stones (quivered)
 W - 3 curare-tipped needles
Armour
 f - a +2 shield (worn)
   (You took it off a naga warrior on level 1 of the Snake Pit)
 i - a +0 pair of gloves (worn)
   (You found it on level 6 of the Lair of Beasts)
 r - +1 acid dragon scales (worn)
   (You found it on level 6 of the Lair of Beasts)
 y - a +2 pair of boots (worn)
   (You found it on level 14 of the Dungeon)
 D - a +0 cloak (worn)
   (You found it on level 3 of the Lair of Beasts)
 O - the cursed +0 helmet of Qyboacuq (worn) {*Drain rCorr Str+2 Int+4}
   (You found it in an ice cave)

   It affects your strength (+2).
   It affects your intelligence (+4).
   It protects you from acid and corrosion.
   It causes draining when unequipped.
   It has a curse placed upon it.
Jewellery
 c - an uncursed ring of flight
   (You found it on level 14 of the Dungeon)
 g - an uncursed ring of poison resistance
   (You took it off a kobold on level 1 of the Dungeon)
 h - a ring of protection from cold (left hand)
   (You found it on level 5 of the Dungeon)
 n - an uncursed ring of protection from cold
   (You found it on level 1 of the Dungeon)
 q - a ring of protection from fire (right hand)
   (You took it off a kobold on level 2 of the Dungeon)
 A - an amulet of faith (around neck)
   (You found it on level 4 of the Dungeon)
 E - an uncursed amulet of the gourmand
   (You found it on level 1 of the Lair of Beasts)
 G - an uncursed ring of protection from magic
   (You found it on level 15 of the Dungeon)
Wands
 x - a wand of lightning (7/15)
   (You found it on level 1 of the Shoals)
 S - a wand of confusion (27/48)
   (You found it on level 15 of the Dungeon)
 T - a wand of acid (0/15)
   (You found it on level 7 of the Dungeon)
 U - a wand of lightning (10/15)
   (You found it on level 8 of the Dungeon)
Scrolls
 j - 7 scrolls of teleportation
 k - 8 scrolls of identify
 l - 6 scrolls of remove curse
 t - 5 scrolls of magic mapping
 v - a scroll of blinking
 z - a scroll of enchant weapon
 B - a scroll of fog
 F - 3 scrolls of amnesia
 J - 4 scrolls of immolation
 Q - a scroll of silence
Potions
 e - 2 potions of agility
 m - a potion of mutation {!q}
 o - 7 potions of flight
 p - 6 potions of resistance
 s - 2 potions of haste
 C - 4 potions of might
 H - 5 potions of brilliance
 K - 17 potions of curing
 L - 5 potions of lignification
 M - a potion of berserk rage
 R - a potion of heal wounds
 X - 4 potions of invisibility
Books
 V - a manual of Shields
   (You found it on level 6 of the Lair of Beasts)
 Y - Sif Muna's Almanac of Contamination and the Glacier
   (You found it on level 4 of the Snake Pit)

   Spells                             Type                      Level
   a - Sting                          Conjuration/Poison           1
   b - Spider Form                    Transmutation/Poison         3
   c - Throw Icicle                   Conjuration/Ice              4
   d - Venom Bolt                     Conjuration/Poison           5
   e - Simulacrum                     Ice/Necromancy               6
Comestibles
 d - a bread ration
 u - a fruit
 N - 6 chunks of flesh
 P - 8 royal jellies


   Skills:
 - Level 12.1 Fighting
 - Level 9.9 Long Blades
 - Level 14.0 Armour
 - Level 2.1 Dodging
 - Level 6.8 Stealth
 - Level 15.0 Shields
 + Level 12.1 Spellcasting
 - Level 9.6 Conjurations
 - Level 2.2 Transmutations
 * Level 17.3 Earth Magic
 - Level 17.0 Invocations


You had 20 spell levels left.
You knew the following spells:

 Your Spells              Type           Power        Failure   Level  Hunger
a - Sandblast             Erth           ######       0%          1    None
b - Stone Arrow           Conj/Erth      ######       1%          3    None
c - Petrify               Tmut/Erth      ######..     1%          4    None
d - Mephitic Cloud        Conj/Pois/Air  ####....     3%          3    None
e - Iskenderun's Mystic   Conj           ######..     1%          4    None
f - Lee's Rapid Deconstr  Erth           #######...   1%          5    ###....
z - Swiftness             Chrm/Air       ###.....     7%          2    None


Dungeon Overview and Level Annotations

Branches:
Dungeon (15/15)            Temple (0/1) D:6            Lair (6/6) D:9
 Shoals (2/4) Lair:3        Snake (4/4) Lair:3        Slime (0/5) Lair:6
    Orc (2/2) D:10            Elf (2/3) Orc:2        Vaults (1/5) D:14
 Depths (1/5) D:15

Altars:
Dithmenos
Elyvilon
Fedhas
Nemelex Xobeh
Sif Muna
Xom
Yredelemnul
Zin
The Shining One
Beogh
Jiyva

Shops:
D:7 !*?=%   D:15 (   Orc:2 ![(?

Annotations:
Lair:5 exclusion: 2 oklob plants


Innate Abilities, Weirdness & Mutations

You are resistant to damage.
You can heal yourself by infusing magical energy.
You resist negative energy. (rN+)
You passively map a large area around you.
You do not regenerate.


Message History

* * * LOW HITPOINT WARNING * * *
The helpless very large slime creature fails to defend itself.
You spit the very large slime creature like a pig!!!
The very large slime creature is heavily wounded.
The very large slime creature is no longer petrified.
You block the very large slime creature's attack.
Something hits you!
* * * LOW HITPOINT WARNING * * *
Something drains your vigour!
You feel as though you will be slow longer.
The very large slime creature hits you but does no damage.
You hit the very large slime creature.
The very large slime creature is heavily wounded.
The cyclops closely misses you. Something hits you!
* * * LOW HITPOINT WARNING * * *
Something drains your vigour!
You feel as though you will be slow longer.
The very large slime creature misses you.
Enter note: yeah screw this character.
Are you sure you want to abandon this character and quit the game? (Confirm with "yes".)

.###########.##########
.##### #..........#
.....# #.########.#
.###.# #..........# .#
#.#######.########.# .#
#.......#.#......#.# ##
#######.#.#.[....#.#
#.#.#.####.#.#
#.#.#.#xC#.#.# ##
#.#...#{J#)#.# .##
#.#...#[.#.#.# #.##
##.#...#'##[#.# ##.###
##....#.#..[.#.#
#.##.###.....#.######.#
[##...(......(........#
......................#
.##.#####...###########


You could see a very large slime creature and a cyclops.

Vanquished Creatures
  Mara (Snake:3)
  Saint Roka (Orc:2)
  Polyphemus (Shoals:2)
  Gastronok (Lair:2)
  9 nagarajas
  A frost giant (IceCv)
  A vault warden (Vaults:1)
  A deep elf sorcerer (Elf:1)
  2 ironheart preservers
  A deep elf demonologist (Elf:1)
  2 dire elephants (Lair:6)
  Snorg (D:11)
  2 yaktaur captains (Vaults:1)
  2 fire dragons
  Josephine (D:14)
  9 hydras
  Harold (Lair:3)
  17 naga warriors
  21 anacondas
  An ice dragon (Vaults:1)
  2 vault guards (D:14)
  A catoblepas (Lair:5)
  The ghost of MTVSty1e the Severer, a novice MiFi (D:10)
  9 two-headed ogres
  5 centaur warriors
  5 dancing weapons
  2 death knights
  Urug (Lair:5)
  4 orc high priests (Orc:2)
  A deep troll shaman (Vaults:1)
  A tengu warrior (D:13)
  6 shock serpents
  The ghost of kuniqs the Skirmisher, a journeyman VSFi (Lair:2)
  12 naga sharpshooters
  2 deep elf knights (Elf:1)
  Nergalle (Lair:2)
  Sonja (Lair:1)
  A sea snake (Shoals:1)
  A salamander mystic (Lair:3)
  6 unseen horrors
  5 deep trolls
  4 deep elf archers
  A wizard (D:14)
  Pikel (D:5)
  A necromancer (Vaults:1)
  8 naga ritualists
  A harpy (Vaults:1)
  9 orc knights
  10 mana vipers
  2 wolf spiders
  7 orc sorcerers
  15 ugly things
  6 fauns
  6 cyclopes
  25 deep elf magi
  5 manticores
  Maurice (D:8)
  21 guardian serpents
  A moth of wrath (shapeshifter) (D:14)
  12 salamanders
  5 merfolk sirens
  50 black mambas
  2 vault sentinels
  8 elephants
  A water nymph (Shoals:1)
  5 centaur skeletons
  17 naga magi
  A gargoyle (D:14)
  5 yaktaurs (Vaults:1)
  11 spiny frogs
  A torpor snail (Lair:5)
  A rime drake (Lair:3)
  6 komodo dragons
  2 freezing wraiths (D:14)
  5 merfolk (Shoals:1)
  20 polar bears
  6 trolls
  9 blink frogs
  2 wind drakes (Shoals:1)
  2 snapping turtles (Shoals:1)
  13 slime creatures
  18 hippogriffs
  51 yaks
  Sigmund (D:3)
  An ettin skeleton (Vaults:1)
  6 water elementals
  5 wraiths
  A vampire (D:15)
  A wyvern (shapeshifter) (D:14)
  A human (D:7)
  4 basilisks
  4 wyverns
  4 hogs (D:7)
  6 vampire mosquitoes
  A steam dragon (D:11)
  71 nagas
  2 wargs
  A deep troll zombie (Vaults:1)
  An ogre skeleton (Vaults:1)
  13 water moccasins
  4 ice beasts
  7 porcupines
  7 sky beasts
  38 orc warriors
  12 ogres
  A slave (D:5)
  A phantom (D:10)
  The ghost of MTVSty1e the Chopper, an amateur DrSk (D:4)
  2 eyes of draining (D:14)
  9 centaurs
  20 wolves
  22 crocodiles
  3 big kobolds
  15 bullfrogs
  An earth elemental (Elf:1)
  3 wyvern skeletons
  5 scorpions
  9 killer bees
  3 wights (D:11)
  3 electric eels
  A vampire bat (D:3)
  A howler monkey (D:8)
  5 crimson imps
  2 bullfrog zombies
  4 centaur zombies
  9 hounds
  2 jellies
  A quasit (D:9)
  23 orc priests
  A bullfrog skeleton (D:4)
  Jessica (D:2)
  3 iguanas
  33 orc wizards
  10 worker ants
  A killer bee zombie (D:10)
  4 mummies
  A hound skeleton (D:6)
  Robin (D:4)
  A howler monkey zombie (D:5)
  6 gnolls
  21 adders
  5 shadow imps
  2 oozes (D:2)
  An adder zombie (D:8)
  An adder skeleton (D:3)
  8 worms
  2 dart slugs
  5 leopard geckos
  101 orcs
  8 giant cockroaches
  2 gnoll zombies (Ossuary)
  14 goblins
  12 hobgoblins
  7 jackals
  4 quokkas
  6 ball pythons
  10 bats
  9 frilled lizards
  2 goblin zombies (Ossuary)
  A jackal skeleton (D:4)
  23 kobolds
  4 kobold zombies
  2 leopard gecko skeletons (D:8)
  2 orc zombies (Ossuary)
  5 rats
  A fungus (Lair:4)
  A plant (Lair:6)
1179 creatures vanquished.

Vanquished Creatures (others)
  A dire elephant (D:15)
  A shock serpent (Snake:4)
  3 fauns (Shoals:2)
  A salamander (Snake:4)
  An elephant (Lair:5)
  A merfolk siren (Shoals:2)
  2 black mambas
  2 yaktaurs (Vaults:1)
  2 nagas
  A wolf (IceCv)
  An orc priest (Orc:2)
  A worker ant zombie (D:5)
  3 orcs
  A jackal (D:5)
  A kobold (D:12)
  11 fungi
  13 plants
46 creatures vanquished.

Grand Total: 1225 creatures vanquished

Notes
Turn   | Place    | Note
-------+----------+-------------------------------------------
     0 | D:1      | itsmu the Deep Dwarf Earth Elementalist began the quest for the Orb.
     0 | D:1      | Reached XP level 1. HP: 15/15 MP: 3/3
   226 | D:1      | Reached XP level 2. HP: 22/22 MP: 2/4
   251 | D:1      | Reached skill level 5 in Earth Magic
   997 | D:2      | Found a white marble altar of Elyvilon.
  1016 | D:2      | Reached XP level 3. HP: 19/28 MP: 2/5
  1072 | D:2      | Learned a level 3 spell: Stone Arrow
  1228 | D:2      | Became a worshipper of Elyvilon the Healer
  1277 | D:2      | Found a shadowy altar of Dithmenos.
  1438 | D:2      | Noticed Jessica
  1441 | D:2      | Killed Jessica
  1441 | D:2      | Reached skill level 1 in Conjurations
  1441 | D:2      | Reached skill level 1 in Invocations
  1441 | D:2      | Reached XP level 4. HP: 24/36 MP: 3/6
  1842 | D:3      | Reached * piety under Elyvilon
  1842 | D:3      | Noticed Sigmund
  1845 | D:3      | Killed Sigmund
  1845 | D:3      | Reached XP level 5. HP: 28/42 MP: 3/7
  1971 | D:3      | Reached XP level 6. HP: 48/49 MP: 1/8
  2630 | D:3      | Found a glowing golden altar of the Shining One.
  2911 | D:4      | Noticed MTVSty1e's ghost (amateur DrSk)
  3050 | D:4      | Found a sparkling altar of Nemelex Xobeh.
  3303 | D:4      | Killed MTVSty1e's ghost
  3303 | D:4      | Reached skill level 1 in Fighting
  3303 | D:4      | Reached skill level 1 in Shields
  3303 | D:4      | Reached XP level 7. HP: 45/57 MP: 0/10
  4420 | D:4      | Found a basalt altar of Yredelemnul.
  4468 | D:4      | Noticed Robin
  4495 | D:4      | Learned a level 5 spell: Lee's Rapid Deconstruction
  4613 | D:4      | Found a glowing silver altar of Zin.
  4727 | D:4      | Killed Robin
  4893 | D:5      | Entered Level 5 of the Dungeon
  4893 | D:5      | Noticed Pikel
  5068 | D:5      | Reached skill level 5 in Invocations
  5085 | D:5      | Reached XP level 8. HP: 50/67 MP: 4/12
  5115 | D:5      | Reached ** piety under Elyvilon
  5128 | D:5      | nice weapon.
  5141 | D:5      | Killed Pikel
  5318 | D:5      | Found a blossoming altar of Fedhas.
  5351 | D:5      | Found a sand-covered staircase.
  5356 | Ossuary  | Entered an ossuary
  5536 | Ossuary  | . . . .
  6327 | D:6      | Reached *** piety under Elyvilon
  6642 | D:6      | You fall through a shaft for 2 floors!
  6654 | D:7      | Gained mutation: You passively map the area around you. [Deep Dwarf growth]
  6654 | D:7      | Reached XP level 9. HP: 58/76 MP: 10/14
  6681 | D:6      | Found a staircase to the Ecumenical Temple.
  7051 | D:7      | Found Xisugit's Magic Scroll Emporium.
  7055 | D:7      | Bought a scroll of blinking for 82 gold pieces
  7055 | D:7      | Bought a scroll of enchant weapon for 82 gold pieces
  7179 | D:7      | Found Acos's Jewellery Boutique.
  7236 | D:7      | Reached **** piety under Elyvilon
  7256 | D:7      | Found Jeerim's Distillery.
  7261 | D:7      | Bought a potion of curing for 36 gold pieces
  7302 | D:7      | Found Wuga's Food Shop.
  7413 | D:7      | Found Patimn's Assorted Antiques.
  7455 | D:7      | Reached skill level 5 in Shields
  7455 | D:7      | Reached skill level 5 in Conjurations
  7762 | D:8      | Reached XP level 10. HP: 82/87 MP: 17/17
  8007 | D:8      | Noticed a two-headed ogre
  8019 | D:8      | Killed a two-headed ogre
  8019 | D:8      | Reached skill level 10 in Earth Magic
  8267 | D:8      | Reached skill level 5 in Spellcasting
  8477 | D:8      | Learned a level 4 spell: Petrify
  8585 | D:8      | Noticed Maurice
  8592 | D:8      | Killed Maurice
  8592 | D:8      | Reached skill level 5 in Fighting
  8710 | D:9      | Reached skill level 1 in Armour
  8955 | D:9      | Noticed an elephant
  8971 | D:8      | Killed an elephant
  9343 | D:9      | Found a staircase to the Lair.
  9672 | D:9      | Found a deep blue altar of Sif Muna.
  9775 | D:10     | Entered Level 10 of the Dungeon
  9835 | D:10     | Reached XP level 11. HP: 55/97 MP: 12/19
  9977 | D:10     | Found a staircase to the Orcish Mines.
 10080 | D:10     | Noticed MTVSty1e's ghost (novice MiFi)
 10117 | D:10     | Killed MTVSty1e's ghost
 10774 | D:11     | Noticed Snorg
 11012 | D:11     | Reached ***** piety under Elyvilon
 11400 | D:11     | Killed Snorg
 11609 | D:12     | Noticed a wolf spider
 11615 | D:11     | Killed a wolf spider
 11747 | D:12     | Noticed a two-headed ogre
 11749 | D:12     | Noticed a death knight
 11751 | D:12     | Killed a two-headed ogre
 11751 | D:12     | Reached skill level 10 in Invocations
 11756 | D:12     | Noticed a two-headed ogre
 11758 | D:12     | Killed a death knight
 12036 | Lair:1   | Entered Level 1 of the Lair of Beasts
 12218 | Lair:1   | Learned a level 3 spell: Mephitic Cloud
 12260 | Lair:1   | Reached skill level 5 in Armour
 12378 | Lair:1   | Noticed Sonja
 12383 | Lair:1   | Killed Sonja
 12756 | Lair:1   | Reached XP level 12. HP: 67/106 MP: 22/22
 13041 | Lair:1   | Learned a level 2 spell: Swiftness
 13105 | Lair:2   | Noticed Nergalle
 13120 | Lair:2   | Killed Nergalle
 13297 | Lair:2   | Noticed kuniqs's ghost (journeyman VSFi)
 13301 | Lair:2   | Noticed Gastronok
 13755 | Lair:2   | Killed kuniqs's ghost
 14548 | Lair:2   | Killed Gastronok
 14946 | Lair:3   | Found a staircase to the Snake Pit.
 15123 | Lair:3   | Found a staircase to the Shoals.
 15129 | Lair:3   | Noticed Harold
 15144 | Lair:3   | Killed Harold
 15434 | Lair:3   | really
 15508 | Lair:2   | Reached XP level 13. HP: 38/117 MP: 1/25
 16161 | Lair:4   | Found a frozen archway.
 16173 | IceCv    | Entered an ice cave
 16801 | IceCv    | Got a spiked helmet
 16812 | IceCv    | Identified the cursed +0 helmet of Qyboacuq {*Drain rCorr Str+2 Int+4} (You found it in an ice cave)
 17611 | IceCv    | Noticed a frost giant
 17612 | IceCv    | erm
 17643 | IceCv    | Killed a frost giant
 17823 | IceCv    | Got a crystal scimitar
 17831 | IceCv    | Identified the +7 scimitar of Nenyon {venom, Int+3} (You found it in an ice cave)
 19434 | Lair:5   | Identified a scroll of acquirement
 19436 | Lair:5   | oh my.
 19810 | Lair:5   | Reached skill level 10 in Spellcasting
 20033 | Lair:5   | Noticed Urug
 20060 | Lair:5   | Killed Urug
 20600 | Lair:5   | Reached skill level 1 in Long Blades
 20782 | Lair:6   | Entered Level 6 of the Lair of Beasts
 20893 | Lair:6   | Gained mutation: You resist negative energy. (rN+) [Deep Dwarf growth]
 20893 | Lair:6   | Reached XP level 14. HP: 52/129 MP: 10/28
 21923 | Lair:6   | Found a viscous altar of Jiyva.
 21923 | Lair:6   | Found a staircase to the Slime Pits.
 23645 | Orc:1    | Entered Level 1 of the Orcish Mines
 23653 | Orc:1    | Reached skill level 10 in Armour
 23751 | Orc:1    | Found a roughly hewn altar of Beogh.
 24377 | Orc:2    | Entered Level 2 of the Orcish Mines
 24388 | Orc:2    | Reached skill level 5 in Long Blades
 24508 | Orc:2    | Found a labyrinth entrance.
 24539 | Orc:2    | Noticed Saint Roka
 25560 | D:7      | Bought a potion of ambrosia for 96 gold pieces
 25560 | D:7      | Bought a potion of ambrosia for 96 gold pieces
 25560 | D:7      | Bought a potion of curing for 36 gold pieces
 25560 | D:7      | Bought a potion of magic for 96 gold pieces
 25560 | D:7      | Bought a potion of haste for 120 gold pieces
 26192 | D:12     | Found a shimmering altar of Xom.
 26524 | D:12     | Identified the Almanac of Shifting Flames
 27906 | D:13     | Reached XP level 15. HP: 68/138 MP: 16/29
 28393 | D:14     | Noticed Josephine
 28398 | D:14     | Killed Josephine
 28725 | D:14     | Reached skill level 10 in Fighting
 28930 | D:14     | Reached skill level 10 in Shields
 30365 | Snake:1  | Entered Level 1 of the Snake Pit
 32828 | Snake:2  | Noticed a nagaraja
 32843 | Snake:2  | Killed a nagaraja
 34182 | Snake:1  | Reached XP level 16. HP: 72/148 MP: 22/30
 34292 | Lair:1   | Learned a level 4 spell: Iskenderun's Mystic Blast
 34429 | Orc:2    | Killed Saint Roka
 34734 | Orc:2    | Found a staircase to the Elven Halls.
 35442 | Orc:2    | Found Eskugumo's Magic Scroll Boutique.
 35442 | Orc:2    | Found Zilycraiwa's Weapon Shoppe.
 35444 | Orc:2    | Found Acuutini's Armour Boutique.
 35444 | Orc:2    | Found Ixop Ulucw's Distillery.
 35453 | Orc:2    | Bought a potion of heal wounds for 65 gold pieces
 35453 | Orc:2    | Bought 2 potions of curing for 78 gold pieces
 35453 | Orc:2    | Bought 2 potions of curing for 78 gold pieces
 35453 | Orc:2    | Bought a potion of curing for 39 gold pieces
 35873 | Snake:1  | Reached skill level 15 in Invocations
 36461 | Snake:2  | Noticed Donald
 37483 | Snake:1  | god i wish i had gone makhleb
 37780 | Elf:1    | Entered Level 1 of the Elven Halls
 38828 | Elf:1    | Identified the Tome of Companions
 40594 | D:14     | Found a gate to the Vaults.
 40697 | D:15     | Entered Level 15 of the Dungeon
 41289 | D:15     | Found Wyutu's Antique Weapon Shoppe.
 41689 | D:15     | Found a sparkling altar of Nemelex Xobeh.
 41717 | D:15     | Reached skill level 1 in Transmutations
 41950 | D:15     | Reached XP level 17. HP: 23/157 MP: 31/31
 42350 | D:15     | Found a staircase to the Depths.
 42494 | Depths:1 | Entered Level 1 of the Depths
 42499 | Depths:1 | Noticed a lich
 42764 | Snake:2  | Pacified Donald
 43135 | Snake:3  | Noticed Mara
 43138 | Snake:3  | Noticed itsmu's illusion
 43298 | Snake:4  | Entered Level 4 of the Snake Pit
 43898 | D:7      | Bought a metal-bound book for 480 gold pieces
 44086 | Shoals:1 | Entered Level 1 of the Shoals
 45315 | Shoals:2 | Noticed Polyphemus
 45484 | Shoals:2 | Killed Polyphemus
 46056 | Snake:3  | Found a deep blue altar of Sif Muna.
 46108 | Snake:3  | Killed Mara
 47271 | Snake:4  | Reached skill level 15 in Earth Magic
 49284 | Snake:4  | Identified Sif Muna's Almanac of Contamination and the Glacier
 49352 | Snake:4  | Gained mutation: You passively map a large area around you. [Deep Dwarf growth]
 49352 | Snake:4  | Reached XP level 18. HP: 90/168 MP: 3/33
 50841 | Snake:4  | Reached skill level 5 in Stealth
 51537 | Snake:4  | Reached skill level 15 in Shields
 53779 | Snake:4  | HP: 7/168 [guardian serpent (17)]
 54476 | Snake:4  | Got a serpentine rune of Zot
 54977 | Vaults:1 | Entered Level 1 of the Vaults
 57108 | D:14     | this character sucks.
 57118 | Vaults:1 | Reached XP level 19. HP: 128/175 MP: 25/30
 57138 | D:14     | yeah screw this character.
 57138 | D:14     | Quit the game

Skill      XL: |  1  2  3  4  5  6  7  8  9 10 11 12 13 14 15 16 17 18 |
---------------+-------------------------------------------------------+-----
Earth Magic    | 5 6 7 8 9 11 12 14 15 17 | 17.3
Conjurations   | 1 2 3 4 5 6 7 8 9 |  9.6
Invocations    | 1 3 4 5 6 7 9 10 12 13 14 15 16 17 | 17.0
Spellcasting   | 2 3 4 5 7 8 10 11 12 | 12.1
Fighting       | 1 2 3 4 5 6 8 9 10 11 12 | 12.1
Shields        | 1 2 4 5 6 8 9 11 12 15 | 15.0
Armour         | 2 5 7 8 11 12 13 14 | 14.0
Long Blades    | 1 6 9 |  9.9
Transmutations | 1 2 |  2.2
Stealth        | 6 |  6.8
Dodging        | |  2.1

Action                   |  1- 3 |  4- 6 |  7- 9 | 10-12 | 13-15 | 16-18 | 19-21 || total
-------------------------+-------+-------+-------+-------+-------+-------+-------++-------
Melee: Unarmed           |     1 |    15 |     6 |       |       |       |       ||    22
       Whip              |       |       |    63 |    32 |    33 |       |       ||   128
       Staff             |       |       |       |    26 |       |       |       ||    26
       Scimitar          |       |       |       |       |   386 |   489 |       ||   875
       Dagger            |       |       |       |       |       |   714 |    11 ||   725
 Fire: Blowgun           |       |       |       |    15 |     7 |     3 |       ||    25
Throw: Stone             |       |       |       |       |     2 |       |       ||     2
 Cast: Sandblast         |    47 |    79 |   117 |    98 |   275 |   218 |       ||   834
       Stone Arrow       |       |    16 |    36 |   224 |   437 |   148 |       ||   861
       Lee's Rapid Decon |       |       |     7 |    66 |   138 |   240 |       ||   451
       Petrify           |       |       |       |     1 |    17 |   338 |     5 ||   361
       Swiftness         |       |       |       |       |     1 |       |       ||     1
       Iskenderun's Myst |       |       |       |       |       |    35 |       ||    35
       Mephitic Cloud    |       |       |       |       |       |     1 |       ||     1
Invok: Lesser Healing    |       |     7 |    16 |    11 |    98 |   212 |       ||   344
       Greater Healing   |       |       |       |    19 |    17 |       |       ||    36
       Heal Other        |       |       |       |     6 |    29 |    53 |       ||    88
       Purification      |       |       |       |       |     1 |     1 |       ||     2
 Abil: Heal Wounds       |       |       |       |       |       |    28 |       ||    28
Evoke: Wand              |       |       |       |     9 |     5 |    16 |       ||    30
  Use: Scroll            |       |     8 |     6 |    13 |    17 |    16 |       ||    60
       Potion            |       |       |       |       |    12 |    13 |       ||    25
 Stab: Sleeping          |       |       |     1 |       |     1 |     1 |       ||     3
       Petrified         |       |       |       |       |     3 |   428 |     8 ||   439
       Petrifying        |       |       |       |       |       |    75 |       ||    75
       Distracted        |       |       |       |       |       |     2 |       ||     2
       Invisible         |       |       |       |       |       |     5 |       ||     5
  Eat: Chunk             |     3 |     9 |    17 |    48 |    59 |    82 |       ||   218
       Meat ration       |       |       |     1 |       |     3 |     4 |       ||     8
       Fruit             |       |       |       |     2 |       |     2 |       ||     4
       Bread ration      |       |       |       |     1 |     7 |     9 |       ||    17
       Royal jelly       |       |       |       |       |     2 |     2 |       ||     4
Armor: Robe              |     2 |    17 |     7 |       |       |       |       ||    26
       Leather armour    |       |       |    31 |     8 |       |       |       ||    39
       Ring mail         |       |       |       |    69 |   324 |       |       ||   393
       Skin              |       |       |       |       |     2 |       |       ||     2
       Crystal plate arm |       |       |       |       |    99 |       |       ||    99
       Acid dragon scale |       |       |       |       |    54 |   320 |    12 ||   386
Dodge: Dodged            |     8 |    42 |    82 |   109 |   291 |   327 |     6 ||   865
Block: Buckler           |       |       |       |    62 |   158 |       |       ||   220
       Shield            |       |       |       |       |   143 |   800 |     9 ||   952
       Rpst.: Scimitar   |       |       |       |       |    50 |    33 |       ||    83
